 Dungeon Crawl Stone Soup version 0.29.1-15-g9cfb28693d (webtiles) character file.

Game seed: 14339185546765776099

30 LustLizard the Shield-Bearer (level 3, -6/36 HPs)
             Began as a Troll Fighter on Mar 13, 2023.
             Mangled by an ogre
             ... wielding a +0 giant club
              (17 damage)
             ... on level 2 of the Dungeon.
             The game lasted 00:01:43 (667 turns).

LustLizard the Shield-Bearer (Troll Fighter)         Turns: 667, Time: 00:01:43

Health: -6/36      AC:  4    Str: 24    XL:     3   Next: 3%
Magic:  2/2        EV:  9    Int:  6    God:
Gold:   61         SH:  8    Dex: 15    Spells: 2/2 levels left

rFire   . . .      SeeInvis .     - Unarmed
rCold   . . .      Faith    .   b - +0 kite shield
rNeg    . . .      Spirit   .   a - +0 robe
rPois   .          Reflect  .   (helmet restricted)
rElec   .          Harm     .   (no cloak)
rCorr   .          Rampage  .   (gloves unavailable)
Will    +....                   (boots unavailable)
Stlth   +.........              (no amulet)
HPRegen 0.92/turn               d - ring of willpower
MPRegen 0.08/turn               e - +6 ring of dexterity

@: no status effects
A: large, unfitting armour, claws 3, regeneration 1, shaggy fur 1, tough skin 1
a: no special abilities


You were on level 2 of the Dungeon.
You visited 1 branch of the dungeon, and saw 2 of its levels.

You collected 61 gold pieces.

Inventory:

Missiles
 j - 7 stones (quivered)
 n - 4 poisoned darts
Armour
 a - a +0 robe (worn)
 b - a +0 kite shield (worn)
Jewellery
 d - a ring of willpower (left claw)
 e - a +6 ring of dexterity (right claw)
Scrolls
 g - a scroll of identify {unknown}
 h - 2 scrolls of teleportation
 i - a scroll of enchant armour {unknown}
 k - a scroll of acquirement {unknown}
 m - a scroll of blinking {unknown}
Potions
 c - 3 potions of might
 f - a potion of degeneration {unknown}
 l - a potion of lignification {unknown}


   Skills:
 + Level 2.7 Fighting
 - Level 2.4 Dodging
 + Level 3.0 Shields
 * Level 2.9 Unarmed Combat


You had 2 spell levels left.
You didn't know any spells.
Your spell library was empty.

Dungeon Overview and Level Annotations

Branches:
Dungeon (2/15)

Altars:


Innate Abilities, Weirdness & Mutations

You are too large for most types of armour.
You have claws for hands.
Your natural rate of healing is unusually fast.
You are covered in fur. (AC +1)
You have tough skin. (AC +1)


Message History

You scratch the goblin.
The goblin is heavily wounded.
The goblin hits you with a +0 dagger.
You claw the goblin!
You kill the goblin!
No target in view!
HP restored.
Found a robe.
No target in view!
An ogre and a dart slug come into view.
You see here a +0 robe.
The ogre shouts!
A bat comes into view.
The ogre closely misses you.
You scratch the ogre.
The ogre is lightly wounded.
You closely miss the ogre.
The ogre is lightly wounded.
A bat comes into view.
You block the ogre's attack.
You scratch the ogre.
The ogre is lightly wounded.
The ogre closely misses you. The bat closely misses you.
You closely miss the ogre.
The ogre is lightly wounded.
The bat hits you but does no damage. The ogre closely misses you.
You barely miss the ogre.
The ogre is lightly wounded.
The bat barely misses you.
You claw the ogre!
The ogre is heavily wounded.
You block the bat's attack.
The ogre hits you with a +0 giant club!!
Ouch! That really hurt!
* * * LOW HITPOINT WARNING * * *
You scratch the ogre but do no damage.
The ogre is heavily wounded.
The bat hits you but does no damage. You block the bat's attack.
The ogre hits you with a +0 giant club!
You die...

#.....)....#
#..........#
##........#.###.#
.#####..#............#
.......#.#....##.#####
.#####..####.###.##...
........###...<.......
#..#####..#.#)††#.##.##
#..wbO@[...##...#... ..
#..####..............##
#..####...###### ...#
#...# ###.. ....#
######..##


You could see an ogre, a dart slug and a bat.

Vanquished Creatures
  A worm (D:2)
  A dart slug (D:1)
  2 endoplasms (D:1)
  3 goblins
  4 hobgoblins (D:1)
  2 jackals (D:1)
  A kobold (D:1)
  2 ball pythons (D:1)
  3 bats (D:1)
  A frilled lizard (D:2)
  A rat (D:1)
21 creatures vanquished.

Notes
Turn   | Place    | Note
-------+----------+-------------------------------------------
     0 | D:1      | LustLizard the Troll Fighter began the quest for the Orb.
     0 | D:1      | Reached XP level 1. HP: 22/22 MP: 0/0
    64 | D:1      | Reached XP level 2. HP: 29/29 MP: 1/1
   497 | D:1      | Reached skill level 3 in Shields
   638 | D:2      | Reached XP level 3. HP: 36/36 MP: 2/2
   658 | D:2      | Noticed an ogre
   667 | D:2      | Mangled by an ogre

Illustrated notes

Levels and vault maps discovered:
D:1:      nicolae_arrival_somewhat_less_tricky_arrival, layout_rooms,
          minmay_distorted
D:2:      layout_loops_ring, basic_altar, hellmonk_ecumenical_altar_run_dry,
          uniq_sigmund, uniq_crazy_yiuf_cottage

Skill      XL: |  1  2 |
---------------+-------+-----
Shields        | 3 |  3.0
Fighting       | |  2.7
Dodging        | |  2.4
Unarmed Combat | |  2.9

Action                   || total
-------------------------++-------
Melee: Unarmed           ||    52
  Use: Scroll            ||     1
 Stab: Sleeping          ||     1
Armor: Robe              ||    15
Dodge: Dodged            ||    18
Block: Kite shield       ||    16
